 Dungeon Crawl Stone Soup version 0.19.1 (webtiles) character file.

1611 Ladykiller69 the Carver (level 8, -14/68 HPs)
             Began as a Minotaur Abyssal Knight on Dec 7, 2016.
             Was a High Priest of Lugonu.
             Demolished by an orc warrior
             ... wielding a +0 hand axe
              (22 damage)
             ... on level 6 of the Dungeon.
             The game lasted 00:17:18 (5295 turns).

Ladykiller69 the Carver (Minotaur Abyssal Knight)   Turns: 5295, Time: 00:17:19

Health: -14/68     AC:  4    Str: 17    XL:     8   Next: 63%
Magic:  10/10      EV: 14    Int:  9    God:    Lugonu [*****.]
Gold:   389        SH:  0    Dex: 12    Spells: 0 memorised, 7 levels left

rFire  . . .     SeeInvis .     e - +2 demon blade (venom)
rCold  . . .     Gourm    .     b - +1 leather armour
rNeg   . . .     Faith    .     (no shield)
rPois  .         Spirit   .     (helmet restricted)
rElec  .         Reflect  .     (no cloak)
rCorr  .         Harm     .     (no gloves)
MR     .....                    (no boots)
Stlth  +.........               (no amulet)
                                (no ring)
                                (no ring)

@: no status effects
A: retaliatory headbutt, horns 2
a: Depart the Abyss, Bend Space, Banish, Corrupt, Enter the Abyss, Renounce
Religion


You were on level 6 of the Dungeon.
You worshipped Lugonu.
Lugonu was extremely pleased with you.
You were hungry.

You visited 1 branch of the dungeon, and saw 6 of its levels.
You visited the Abyss 1 time.
You also visited: Sewer.

You collected 389 gold pieces.

Inventory:

Hand Weapons
 a - a +1 falchion
 e - a +2 demon blade of venom (weapon)
 t - a +1 dagger of electrocution
Missiles
 f - 288 stones
 m - 2 javelins (quivered)
 u - 61 bolts
 x - 73 arrows
Armour
 b - a +1 leather armour (worn)
Jewellery
 v - an uncursed ring of teleportation
Scrolls
 d - a scroll of teleportation
 g - 3 scrolls of noise {unknown}
 j - 2 scrolls of enchant armour
 r - a scroll of random uselessness {unknown}
 s - a scroll of remove curse
 y - 4 scrolls of identify
 D - a scroll of fog {unknown}
 E - a scroll of magic mapping {unknown}
Potions
 h - a potion of cancellation {unknown}
 i - 2 potions of ambrosia {unknown}
 k - a potion of resistance {unknown}
 n - 2 potions of invisibility {unknown}
 o - 2 potions of lignification {unknown}
 q - 3 potions of heal wounds {unknown}
 w - a potion of curing {unknown}
 A - a potion of degeneration {unknown}
 B - a potion of brilliance {unknown}
 C - a potion of flight {unknown}
Comestibles
 c - 2 bread rations
 l - 3 beef jerkies
 p - 3 meat rations
 z - a royal jelly


   Skills:
 - Level 5.1 Fighting
 * Level 8.5 Long Blades
 + Level 6.1 Armour
 + Level 5.1 Dodging
 + Level 4.7 Invocations


You had 7 spell levels left.
You didn't know any spells.

Dungeon Overview and Level Annotations

Branches:
Dungeon (6/15)
 Temple: D:4-7

Altars:
Fedhas
Makhleb
Nemelex Xobeh
Qazlal
Ru
The Shining One


Innate Abilities, Weirdness & Mutations

You reflexively headbutt those who attack you in melee.
You have a pair of horns on your head.


Message History

You throw a javelin.
The javelin closely misses the orc warrior.
The javelin barely misses the orc.
You hit the orc warrior.
The orc warrior is severely wounded.
The orc warrior hits you with a hand axe.
You barely miss the orc warrior.
The orc warrior is severely wounded.
The orc misses you.
The orc warrior hits you with a hand axe.
You barely miss the orc warrior.
The orc warrior is severely wounded.
The orc hits you from afar with a trident.
The orc warrior hits you with a hand axe!!
* * * LOW HITPOINT WARNING * * *
Okay, then.
You closely miss the orc warrior. Your headbutt misses the orc warrior.
The orc warrior is severely wounded.
The orc warrior hits you with a hand axe!!
You die...

#.###.###..#..#........### #.
#..รท..###...# ##.....## #.
#.###..###.## #..##.# #. #
##.....# #..##.## #.
#####.....## # .##..# ###.
#.##..##...## ...#..#####..#
##.#..###....###...#....#.....
##....###....o.#............#..
#.###.##....##@........#######.
### #.....o###..#....#.. ## ###
##.....##..##....### # #.##
#.....<..####...#
##.####...(....# #...#
##..#..#####..# ##..# ##...##
##.# ..## ###..## ##(## ...#
#.....## ##...####..#


You could see an orc warrior.

Vanquished Creatures
  The ghost of Paps the Chopper, a novice MiFi (D:4)
  An ice beast (D:6)
  2 ogres (D:5)
  A phantom (D:5)
  2 bullfrogs (Sewer)
  2 crimson imps (D:5)
  2 orc priests
  A gnoll shaman (D:4)
  A hound (D:6)
  A jelly (D:6)
  A centaur skeleton (D:4)
  An iguana (D:5)
  3 orc wizards
  3 worker ants
  A hound skeleton (D:5)
  A worker ant zombie (D:5)
  8 adders
  5 gnolls (D:4)
  16 oozes
  An adder skeleton (D:6)
  2 worms (D:2)
  A dart slug (D:2)
  9 leopard geckos
  18 orcs
  5 bats
  18 giant cockroaches
  8 goblins
  9 hobgoblins
  6 jackals
  2 quokkas
  13 ball pythons
  16 frilled lizards
  7 kobolds
  A quokka skeleton (D:4)
  9 rats
178 creatures vanquished.

Notes
Turn   | Place    | Note
-------+----------+-------------------------------------------
     0 | Abyss:1  | Ladykiller69 the Minotaur Abyssal Knight began the quest for the Orb.
     0 | Abyss:1  | Reached XP level 1. HP: 19/19 MP: 1/1
    33 | D:1      | Escaped the Abyss
   334 | D:1      | Reached XP level 2. HP: 15/27 MP: 2/2
   342 | D:1      | Reached skill level 3 in Long Blades
  1010 | D:2      | Reached XP level 3. HP: 23/33 MP: 3/3
  1012 | D:2      | Reached ** piety under Lugonu
  1212 | D:2      | Found a faded altar of an unknown god.
  1347 | D:2      | Reached XP level 4. HP: 33/40 MP: 4/4
  1938 | D:3      | Found a sacrificial altar of Ru.
  1939 | D:3      | Found a glowing golden altar of the Shining One.
  1991 | D:3      | Found a glowing drain.
  2015 | Sewer    | Entered a sewer
  2019 | Sewer    | Reached *** piety under Lugonu
  2038 | Sewer    | Reached skill level 4 in Long Blades
  2141 | Sewer    | Reached XP level 5. HP: 36/46 MP: 5/5
  2291 | Sewer    | Reached **** piety under Lugonu
  2475 | Sewer    | Reached skill level 5 in Long Blades
  2475 | Sewer    | Reached XP level 6. HP: 34/53 MP: 5/7
  3069 | D:4      | Noticed Paps's ghost (novice MiFi)
  3096 | D:4      | Killed Paps's ghost
  3096 | D:4      | Reached skill level 5 in Fighting
  3096 | D:4      | Reached skill level 6 in Long Blades
  3096 | D:4      | Reached XP level 7. HP: 37/61 MP: 8/8
  3609 | D:4      | Reached skill level 5 in Armour
  3837 | D:5      | Entered Level 5 of the Dungeon
  3854 | D:5      | Reached ***** piety under Lugonu
  3870 | D:5      | Reached skill level 7 in Long Blades
  3946 | D:5      | Reached XP level 8. HP: 51/68 MP: 8/10
  4212 | D:5      | Found a blossoming altar of Fedhas.
  4323 | D:5      | Reached skill level 8 in Long Blades
  4737 | D:6      | Found a stormy altar of Qazlal.
  4810 | D:6      | Found a sparkling altar of Nemelex Xobeh.
  5020 | D:6      | Reached skill level 5 in Dodging
  5101 | D:6      | Found a burning altar of Makhleb.
  5295 | D:6      | Demolished by an orc warrior

Skill      XL: |  1  2  3  4  5  6  7  8 |
---------------+-------------------------+-----
Long Blades    | 3 4 5 6 7 8 |  8.5
Armour         | 3 4 5 6 |  6.1
Invocations    | 2 3 4 |  4.7
Dodging        | 2 3 4 5 |  5.1
Fighting       | 4 5 |  5.1

Action                   |  1- 3 |  4- 6 |  7- 9 || total
-------------------------+-------+-------+-------++-------
Melee: Falchion          |    92 |   125 |       ||   217
       Headbutt          |     9 |    36 |    22 ||    67
       Demon blade       |       |    17 |   136 ||   153
Throw: Stone             |     3 |    53 |       ||    56
       Javelin           |       |       |     5 ||     5
  Use: Scroll            |       |     7 |     2 ||     9
       Potion            |       |     2 |       ||     2
  Eat: Chunk             |     1 |     6 |     7 ||    14
Armor: Leather armour    |    24 |    35 |    23 ||    82
Dodge: Dodged            |    53 |   117 |    72 ||   242
       Rpst.: Falchion   |    14 |    22 |       ||    36
       Demon blade       |       |     3 |    15 ||    18
